 Dungeon Crawl Stone Soup version 0.21-a0-210-gbfa5647 (webtiles) character file.

638 tehllama the Insei (level 7, -5/67 HPs)
             Began as an Octopode Transmuter on Aug 21, 2017.
             Was a Priest of Cheibriados.
             Slain by an orc
             ... wielding a +0 club
              (6 damage)
             ... on level 4 of the Dungeon.
             The game lasted 00:09:30 (4079 turns).

tehllama the Insei (Octopode Transmuter)            Turns: 4079, Time: 00:09:31

Health: -5/67      AC:  2    Str: 23    XL:     7   Next: 50%
Magic:  8/10       EV: 21    Int: 23    God:    Cheibriados [***...]
Gold:   215        SH:  0    Dex: 24    Spells: 0/10 levels left

rFire    . . .     SeeInvis .     - Unarmed
rCold    . . .     Gourm    .   (shield currently unavailable)
rNeg     . . .     Faith    .   (helmet currently unavailable)
rPois    x         Spirit   .   (no amulet)
rElec    .         Reflect  .   (no ring)
rCorr    .         Harm     .   (no ring)
MR       .....                  (no ring)
Stlth    ..........             (no ring)
HPRegen  0.21/turn              (no ring)
MPRegen  0.12/turn              (no ring)
                                (no ring)
                                (no ring)

@: berserking, spider-form (expiring), very slow
A: almost no armour, stealthy swim, (amphibious), 8 rings, (constrict 8)
a: End Transformation, Bend Time, Temporal Distortion, Renounce Religion


You were on level 4 of the Dungeon.
You worshipped Cheibriados.
Cheibriados was most pleased with you.
You were not hungry.
You were a venomous arachnid creature.
You visited 1 branch of the dungeon, and saw 4 of its levels.
You also visited: Sewer.

You collected 215 gold pieces.

Inventory:

Hand Weapons
 p - a +0 blowgun
Missiles
 a - 12 arrows
 q - 29 poisoned needles
Wands
 o - a wand of confusion (48/48)
Scrolls
 d - 3 scrolls of remove curse
 h - a scroll of recharging
Potions
 e - a potion of flight {unknown}
 m - a potion of mutation
 r - a potion of berserk rage
Books
 b - a book of Changes

   Spells                             Type                      Level
   a - Beastly Appendage              Transmutation                1
   b - Sticks to Snakes               Transmutation                2
   c - Spider Form                    Transmutation/Poison         3
   d - Ice Form                       Ice/Transmutation            4
   e - Blade Hands                    Transmutation                5
Comestibles
 c - 2 bread rations
 g - 3 meat rations
 i - 7 chunks of flesh
 n - 5 fruits
 s - a royal jelly


   Skills:
 + Level 2.9 Fighting
 + Level 2.4 Dodging
 + Level 4.0 Stealth
 * Level 5.9 Unarmed Combat
 + Level 2.3 Spellcasting
 * Level 3.3 Transmutations
 + Level 1.4 Poison Magic
 + Level 1.5 Invocations


You couldn't memorise any spells.
You knew the following spells:

 Your Spells              Type           Power        Failure   Level  Hunger
a - Beastly Appendage     Tmut           ###...       11%         1    None
b - Sticks to Snakes      Tmut           ###.....     14%         2    ##.....
c - Spider Form           Tmut/Pois      ##........   32%         3    ###....
d - Ice Form              Ice/Tmut       ##......     73%         4    ####...


Dungeon Overview and Level Annotations

Branches:
Dungeon (4/15)
 Temple: D:4-7

Altars:
Cheibriados
Ru
Sif Muna
The Shining One


Innate Abilities, Weirdness & Mutations

You cannot wear most types of armour.
You are very stealthy in the water. (Stealth+)
((You are amphibious.))
You can wear up to eight rings at the same time.
((You can use your tentacles to constrict eight enemies at once.))
((Your skin changes colour to match your surroundings (Stealth+).))
((Your rubbery body absorbs attacks. (AC +1, EV +1)))


Message History

Cheibriados appreciates the change of pace.
The orc hits you with a club.
* * * LOW HITPOINT WARNING * * *
The orc priest invokes the aid of Beogh against you.
Beogh smites you!
* * * LOW HITPOINT WARNING * * *
You bite the adder!
You kill the adder!
Cheibriados thoroughly appreciates the change of pace.
Cheibriados seems mollified.
Cheibriados restores the support of your attributes.
The orc hits you with a club.
* * * LOW HITPOINT WARNING * * *
The orc wizard mumbles some strange words.
The orc wizard blinks!
You maul the orc!!
You kill the orc!
Cheibriados appreciates the change of pace.
The scorpion misses you. The orc hits you with a club.
You die...

.... #.. .......# .....
#.# #......# ..... #.#
#......# ##.
....o##.###......# ....
...oo............###.##.
....o...###.............
......o.#...............
......so..........##.##.
......#so...≈≈≈.........
......#.#..≈≈≈≈≈........
......#....≈≈.≈≈........
..... #....≈≈≈≈≈..##.##.
..... #.#...≈≈≈...##....
###+ #.#.........##..#.
#.................
#.#####..#####..#. #.
#..#####..#.


You could see a scorpion, 2 orc priests, an orc wizard and 4 orcs.

Vanquished Creatures
  Sigmund (D:2)
  The ghost of marietta the Shooter, an amateur HuHu (D:3)
  A crocodile (Sewer)
  An orc wizard (D:3)
  A gnoll shaman (D:3)
  3 worker ants (D:4)
  6 adders
  A river rat (D:4)
  An ooze (D:1)
  2 worms
  2 dart slugs (D:2)
  3 leopard geckos
  6 orcs
  14 bats
  5 giant cockroaches
  11 goblins
  15 hobgoblins
  2 quokkas
  4 ball pythons
  8 frilled lizards
  8 kobolds
  5 rats
101 creatures vanquished.

Notes
Turn   | Place    | Note
-------+----------+-------------------------------------------
     0 | D:1      | tehllama the Octopode Transmuter began the quest for the Orb.
     0 | D:1      | Reached XP level 1. HP: 13/13 MP: 3/3
   122 | D:1      | Found a snail-covered altar of Cheibriados.
   131 | D:1      | Became a worshipper of Cheibriados the Contemplative
   244 | D:1      | Reached XP level 2. HP: 18/18 MP: 3/5
   505 | D:1      | Reached skill level 4 in Unarmed Combat
   757 | D:1      | Reached XP level 3. HP: 17/23 MP: 6/6
   970 | D:2      | Reached * piety under Cheibriados
  1169 | D:2      | Noticed Sigmund
  1218 | D:3      | Learned a level 2 spell: Sticks to Snakes
  1222 | D:3      | Learned a level 3 spell: Spider Form
  1239 | D:2      | Killed Sigmund
  1239 | D:2      | Reached skill level 5 in Unarmed Combat
  1239 | D:2      | Reached XP level 4. HP: 22/29 MP: 1/7
  1239 | D:2      | Reached XP level 5. HP: 26/34 MP: 1/8
  1729 | D:2      | Found a sacrificial altar of Ru.
  1926 | D:2      | Reached ** piety under Cheibriados
  2176 | D:2      | Reached XP level 6. HP: 41/41 MP: 9/9
  2478 | D:3      | Noticed marietta's ghost (amateur HuHu)
  2492 | D:3      | Killed marietta's ghost
  2492 | D:3      | Reached skill level 1 in Invocations
  2766 | D:3      | Found a deep blue altar of Sif Muna.
  2775 | D:3      | Reached *** piety under Cheibriados
  2868 | D:3      | Upgraded the game from 0.21-a0-207-g4a9efaf to 0.21-a0-210-gbfa5647
  2934 | D:3      | Found a glowing golden altar of the Shining One.
  3477 | D:3      | Reached XP level 7. HP: 42/45 MP: 6/10
  3656 | D:4      | Learned a level 4 spell: Ice Form
  3686 | D:4      | Reached skill level 1 in Poison Magic
  3890 | D:4      | Found a glowing drain.
  3959 | Sewer    | Entered a sewer
  4076 | D:4      | Was placed under penance by Cheibriados
  4078 | D:4      | Was forgiven by Cheibriados
  4078 | D:4      | HP: 1/67 [orc/club (3)]
  4079 | D:4      | Slain by an orc

Vault maps used:
D:1:      shiori_arrival_maze, cheibriados_altar_1
D:2:      lemuel_doored_altar, uniq_sigmund
D:3:      tso_altar, led_sif_pool, corexii_item_surrounded_by_moat, st_stairs_7
D:4:      portal_sewer_entry_a, first_bread, uniq_menkaure
Sewer:    sewer_big_baddie

Skill      XL: |  1  2  3  4  5  6  7 |
---------------+----------------------+-----
Unarmed Combat | 4 5 |  5.9
Fighting       | 2 |  2.9
Stealth        | 2 3 4 |  4.0
Invocations    | 1 |  1.5
Transmutations | 3 |  3.3
Poison Magic   | 1 |  1.4
Dodging        | |  2.4
Spellcasting   | |  2.3

Action                   |  1- 3 |  4- 6 |  7- 9 || total
-------------------------+-------+-------+-------++-------
Melee: Unarmed           |    64 |   110 |    40 ||   214
       Constrict         |    14 |    21 |     3 ||    38
       Tentacles         |     9 |    16 |     5 ||    30
       Kick              |     6 |     1 |     6 ||    13
       Punch             |     1 |     5 |     1 ||     7
 Cast: Beastly Appendage |    10 |     8 |     3 ||    21
       Spider Form       |     1 |     2 |     3 ||     6
  Use: Potion            |     2 |       |     2 ||     4
       Scroll            |       |     3 |     5 ||     8
 Stab: Sleeping          |     2 |    13 |     5 ||    20
  Eat: Chunk             |     1 |     4 |     1 ||     6
Armor: Skin              |     7 |     9 |     4 ||    20
Dodge: Dodged            |    50 |    70 |    36 ||   156

Table legend:
 A = Spawn XP
 B = Non-spawn XP
 C = Spawn XP percentage of total XP
 D = Spawn monster count
 E = Non-spawn monster count
 F = Spawn count percentage of total count
 G = Total turns spent on level
                    A         B        C        D         E        F      G
               +---------+---------+-------+---------+---------+-------+---------
         Total |       4 |     330 |   1.2 |       2 |      28 |   6.7 |  1211
               +---------+---------+-------+---------+---------+-------+---------
           D:3 |       4 |      71 |   5.3 |       2 |      11 |  15.4 |   775
           D:4 |       0 |     150 |   0.0 |       0 |      11 |   0.0 |   334
         Sewer |       0 |     109 |   0.0 |       0 |       6 |   0.0 |   102
               +---------+---------+-------+---------+---------+-------+---------
